 Dungeon Crawl Stone Soup version 0.30-a0-393-g54b8e3be05 (webtiles) character file.

Game seed: 14505751616390578910

2008 Sabo the Cudgeller (level 9, -3/68 HPs)
             Began as a Demonspawn Berserker on Dec 5, 2022.
             Was a Priest of Trog.
             Killed by divine providence
             ... invoked by an orc priest
              (12 damage)
             ... on level 8 of the Dungeon on Dec 6, 2022.
             The game lasted 00:24:32 (5113 turns).

Sabo the Cudgeller (Demonspawn Berserker)           Turns: 5113, Time: 00:24:32

Health: -3/68      AC: 13    Str: 22    XL:     9   Next: 2%
Magic:  9/9        EV:  7    Int:  9    God:    Trog [***...]
Gold:   256        SH:  6    Dex: 12    Spells: 8/8 levels left

rFire   . . .      SeeInvis +    g - +4 flail (vorpal)
rCold   . . .      Faith    .    (no shield)
rNeg    . . .      Spirit   .    t - +0 plate armour
rPois   .          Reflect  .    a - +0 helmet
rElec   .          Harm     .    (no cloak)
rCorr   .          Rampage  .    (no gloves)
Will    .....                    (no boots)
Stlth   ..........               y - amulet of the acrobat
HPRegen 0.31/turn                c - ring of see invisible
MPRegen 0.11/turn                (no ring)

@: no status effects
A: large bone plates 2, ignite blood 2, weakness stinger 2
a: Renounce Religion, Berserk, Trog's Hand


You were on level 8 of the Dungeon.
You worshipped Trog.
Trog was most pleased with you.
You visited 1 branch of the dungeon, and saw 7 of its levels.

You collected 256 gold pieces.

Inventory:

Hand Weapons
 e - a +2 mace of protection
 g - a +4 vorpal flail (weapon)
 k - a +2 antimagic whip
 m - a +0 sling
 o - a +0 vorpal war axe
Missiles
 r - 6 boomerangs (quivered)
Armour
 a - a +0 helmet (worn)
 t - a +0 plate armour (worn)
Jewellery
 c - a ring of see invisible (left hand)
 y - an amulet of the acrobat (around neck)
Wands
 h - a wand of flame (27)
 v - a wand of charming (3)
Scrolls
 d - a scroll of silence
 l - a scroll of blinking
 p - a scroll of teleportation {unknown}
 s - a scroll of vulnerability {unknown}
 u - 2 scrolls of magic mapping
 w - a scroll of poison {unknown}
 A - a scroll of amnesia {unknown}
Potions
 b - a potion of magic {unknown}
 f - 2 potions of lignification {unknown}
 i - a potion of invisibility
 j - 3 potions of brilliance {unknown}
 n - 2 potions of cancellation {unknown}
 q - 4 potions of haste {unknown}
 x - 3 potions of berserk rage {unknown}
 z - a potion of mutation {unknown}
 B - a potion of ambrosia {unknown}


   Skills:
 + Level 5.2 Fighting
 + Level 4.9(6.3) Axes
 + Level 6.1(7.0) Maces & Flails
 + Level 5.3 Armour
 + Level 3.5 Dodging
 + Level 1.3 Stealth
 + Level 2.0 Shields


You had 8 spell levels left.
You didn't know any spells.
Your spell library was empty.

Dungeon Overview and Level Annotations

Branches:
Dungeon (6/15)             Temple (0/1) D:4

Altars:

Shops:
D:6 *


Innate Abilities, Weirdness & Mutations

You are mostly covered in large bone plates. (SH +6)
Your demonic aura often causes spilled blood to erupt in flames.
You have a tail ending in a sharp stinger.


Message History

The orc priest calls down the wrath of Beogh upon you.
Beogh smites you! The orc warrior closely misses you.
You thump the orc warrior!
The orc warrior is severely wounded.
The orc warrior is engulfed in blazing flames.
The orc warrior hits you with a +0 trident.
A wight comes into view.
It is wielding a +2 short sword of freezing.
You sock the orc warrior!
You kill the orc warrior!
Trog accepts your kill.
Your Shields skill increases to level 2!
You have reached level 9!
Your experience leads to an increase in your attributes!
Increase (S)trength, (I)ntelligence, or (D)exterity?
You feel stronger. x2; Your demonic ancestry asserts itself...
Large bone plates spread over more of your arms.
You block the orc's attack.
Things that are here:
a +0 trident; a +0 plate armour You closely miss the orc.
The orc hits you but does no damage.
A wight comes into view.
It is wielding a +3 long sword of freezing.
You hit the orc.
You kill the orc!
Trog accepts your kill.
A wight comes into view. It is wielding a +0 hand axe.
A wight comes into view. It is wielding a +0 dire flail.
The orc priest hits you but does no damage.
Things that are here:
a +0 short sword; an orc corpse You barely miss the orc priest.
Your tail-slap misses the orc priest.
The orc hits you with a +0 falchion.
The orc priest calls down the wrath of Beogh upon you.
Beogh smites you!
* * * LOW HITPOINT WARNING * * *
You hit the orc priest. You tail-slap the orc priest.
The orc priest is severely wounded.
The orc hits you but does no damage.
The orc priest calls down the wrath of Beogh upon you.
Beogh smites you!
You die...

#################
##....o..o@oozzzz.
####..###########z###
.. #....#...### .
#..........oo
#.......####o
####.....###..##
........## .....
.##.###.# .....
...>....##Z.#


You could see 5 wights, 2 orc priests and 2 orcs.

Vanquished Creatures
  The ghost of thurberlil the Caller, an amateur HuSu of the Shining One (D:4)
  Eustachio (D:4)
  Edmund (D:4)
  A water moccasin (D:5)
  An orc warrior (D:8)
  An ice beast (D:6)
  3 ogres
  3 phantoms (D:5)
  Blork the orc (D:4)
  A bullfrog (D:3)
  A scorpion (D:6)
  The ghost of Darkkill the Shooter, a weakling MiHu (D:3)
  4 hounds
  An orc priest (D:4)
  An iguana (D:4)
  Jessica (D:2)
  Natasha (twice) (D:2)
  4 orc wizards
  9 adders
  6 gnolls
  An ufetubus (D:5)
  A worm (D:2)
  6 dart slugs
  13 orcs
  3 endoplasms
  5 giant cockroaches
  9 goblins
  8 hobgoblins
  5 quokkas
  2 ball pythons
  8 bats
  2 frilled lizards (D:1)
  3 kobolds
  5 rats
115 creatures vanquished.

Vanquished Creatures (others)
  A fungus (D:1)
  27 plants (D:2)
28 creatures vanquished.

Grand Total: 143 creatures vanquished

Notes
Turn   | Place    | Note
-------+----------+-------------------------------------------
     0 | D:1      | Sabo the Demonspawn Berserker began the quest for the Orb.
     0 | D:1      | Reached XP level 1. HP: 18/18 MP: 1/1
   239 | D:1      | Found a faded altar of an unknown god.
   272 | D:1      | Gained mutation: Your demonic aura sometimes causes spilled
                  | blood to erupt in flames. [demonic ancestry]
   272 | D:1      | Reached XP level 2. HP: 24/24 MP: 2/2
   864 | D:2      | Gained mutation: You are partially covered in large bone
                  | plates. (SH +4) [demonic ancestry]
   864 | D:2      | Reached XP level 3. HP: 29/29 MP: 3/3
   941 | D:2      | Reached ** piety under Trog
   995 | D:2      | Reached skill level 1 in Maces & Flails
  1232 | D:2      | Noticed Jessica
  1234 | D:2      | Reached XP level 4. HP: 35/35 MP: 4/4
  1241 | D:2      | Killed Jessica
  1244 | D:2      | Reached skill level 2 in Maces & Flails
  1250 | D:2      | Noticed Natasha
  1254 | D:2      | Killed Natasha
  1255 | D:2      | Gained mutation: You have a small tail. [demonic ancestry]
  1255 | D:2      | Reached XP level 5. HP: 19/41 MP: 2/5
  1313 | D:2      | Noticed Natasha
  1322 | D:2      | Killed Natasha
  1906 | D:3      | Reached skill level 3 in Maces & Flails
  2411 | D:3      | Found a runed translucent door.
  2413 | D:3      | Noticed Darkkill's ghost (weakling MiHu)
  2432 | D:3      | Reached XP level 6. HP: 39/48 MP: 6/6
  2437 | D:3      | Killed Darkkill's ghost
  2606 | D:4      | Noticed Blork the orc
  2609 | D:4      | Reached *** piety under Trog
  2610 | D:4      | Noticed Edmund
  2617 | D:4      | Killed Blork the orc
  2618 | D:4      | Gained mutation: Your demonic aura often causes spilled
                  | blood to erupt in flames. [demonic ancestry]
  2618 | D:4      | Reached XP level 7. HP: 54/54 MP: 7/7
  2623 | D:4      | Killed Edmund
  2624 | D:4      | Reached skill level 4 in Maces & Flails
  2624 | D:4      | Reached skill level 1 in Stealth
  2628 | D:4      | Found a staircase to the Ecumenical Temple.
  2636 | D:4      | Noticed Eustachio
  2659 | D:4      | Killed Eustachio
  2868 | D:4      | Reached skill level 1 in Shields
  3082 | D:4      | Noticed thurberlil's ghost (amateur HuSu)
  3083 | D:4      | Found a runed translucent gate.
  3084 | D:4      | Found a runed translucent gate.
  3084 | D:4      | Found a runed translucent gate.
  3513 | D:4      | Gained mutation: You have a tail ending in a sharp stinger.
                  | [demonic ancestry]
  3513 | D:4      | Reached XP level 8. HP: 45/61 MP: 8/8
  3661 | D:4      | Killed thurberlil's ghost
  3873 | D:5      | Entered Level 5 of the Dungeon
  4246 | D:5      | Reached skill level 5 in Maces & Flails
  4283 | D:5      | Reached skill level 5 in Fighting
  4384 | D:5      | Reached skill level 5 in Armour
  5018 | D:6      | Reached skill level 6 in Maces & Flails
  5027 | D:6      | Found Dhip's Desiderata Depot.
  5063 | D:6      | You fall into a shaft and drop 2 floors!
  5108 | D:8      | Gained mutation: You are mostly covered in large bone
                  | plates. (SH +6) [demonic ancestry]
  5108 | D:8      | Reached XP level 9. HP: 21/68 MP: 9/9
  5113 | D:8      | Killed from afar by an orc priest

Illustrated notes

Levels and vault maps discovered:
D:1:      dpeg_arrival_water_altar, layout_loops_ring,
          dreamdust_ecumenical_altar_grove, glass_columns_b
D:2:      layout_basic, serial_bayou_lagoon_a, uniq_jessica, uniq_natasha
D:3:      layout_basic, ebering_ghost_sewer_d, chequers_serial_rivers_micro_a,
          kennysheep_boxes
D:4:      layout_rooms, minmay_temple_entry_slanted, gammafunk_ghost_split,
          corexii_corridor_pit, uniq_blork_the_orc, uniq_eustachio, uniq_edmund
D:5:      layout_cave_pools
D:6:      layout_cave_pods, nicolae_alphabet_shops
D:8:      layout_basic, okawaru_trees_1, gammafunk_ghost_icy,
          nicolae_transporter_intersection, uniq_grum

Skill      XL: |  1  2  3  4  5  6  7  8 |
---------------+-------------------------+-----
Dodging        | 2 3 |  3.5
Axes           | 3 4 |  4.9
Maces & Flails | 1 2 3 4 6 |  6.1
Armour         | 2 3 4 5 |  5.3
Fighting       | 4 5 |  5.2
Stealth        | 1 |  1.3
Shields        | 1 2 |  2.0

Action                   |  1- 3 |  4- 6 |  7- 9 || total
-------------------------+-------+-------+-------++-------
Melee: Hand axe          |    15 |       |       ||    15
       Mace              |    85 |    51 |       ||   136
       Punch             |     1 |       |     3 ||     4
       War axe           |       |    44 |    27 ||    71
       Tailslap          |       |     7 |    17 ||    24
       Flail             |       |       |   108 ||   108
Invok: Berserk           |       |     2 |     1 ||     3
  Use: Scroll            |       |     1 |     3 ||     4
 Stab: Sleeping          |     1 |       |       ||     1
Armor: Animal skin       |    17 |       |       ||    17
       Scale mail        |    25 |    31 |       ||    56
       Plate armour      |       |    22 |   103 ||   125
Dodge: Dodged            |    61 |    40 |    60 ||   161
Block: Other             |     6 |    11 |    29 ||    46

Table legend: (Time is in decaauts)
 A = Elapsed time spent in this place.
 B = Non-inter-level travel time spent in this place.
 C = Inter-level travel time spent in this place.
 D = Time resting spent in this place.
 E = Time spent auto-exploring this place.
 F = Levels seen in this place.
 G = Mean time per level.
                   A        B        C        D        E       F      G
               +--------+--------+--------+--------+--------+-----+--------+
         Total |   5226 |   5226 |      0 |   1128 |      0 |   7 |  746.6 |
       Dungeon |   5226 |   5226 |      0 |   1128 |      0 |   7 |  746.6 |
               +--------+--------+--------+--------+--------+-----+--------+

Top non-repeatable levels by time:
     D:4: 1302 daAuts
     D:2: 1082 daAuts
     D:1: 805 daAuts
     D:3: 791 daAuts
     D:5: 709 daAuts
     D:6: 484 daAuts
     D:8: 50 daAuts
